 Seeded DCSS version 0.29.1-1-gd02db6906a (webtiles) character file.

Game seed: 17579237444981555187 (custom seed)

225 GigaChad the Trooper (level 5, -2/51 HPs)
             Began as a Minotaur Fighter on Sept 30, 2022.
             Was a Believer of Wu Jian.
             Succumbed to an orc's poison
             ... on level 4 of the Dungeon.
             The game lasted 00:06:23 (2878 turns).

GigaChad the Trooper (Minotaur Fighter)             Turns: 2878, Time: 00:06:24

Health: -2/51      AC:  7    Str: 22    XL:     5   Next: 68%
Magic:  4/4        EV: 11    Int:  5    God:    Wu Jian [**....]
Gold:   180        SH:  5    Dex: 16    Spells: 4/4 levels left

rFire   . . .      SeeInvis .   k - +1 rapier (flame)
rCold   . . .      Faith    .   c - +0 buckler
rNeg    . . .      Spirit   .   b - +0 scale mail
rPois   .          Reflect  .   (helmet restricted)
rElec   .          Harm     .   (no cloak)
rCorr   .          Rampage  .   (no gloves)
Will    .....                   (no boots)
Stlth   ..........              (no amulet)
HPRegen 0.17/turn               f - +6 ring of dexterity
MPRegen 0.09/turn               (no ring)

@: lethally poisoned (-2 -> -18)
A: horns 2, retaliatory headbutt
a: Renounce Religion, Wall Jump


You were on level 4 of the Dungeon.
You worshipped Wu Jian.
Wu Jian was pleased with you.
You visited 1 branch of the dungeon, and saw 4 of its levels.

You collected 180 gold pieces.

Inventory:

Hand Weapons
 a - a +1 long sword
 k - a +1 rapier of flaming (weapon)
Missiles
 i - 2 throwing nets (quivered)
 o - 6 poisoned darts
Armour
 b - a +0 scale mail (worn)
 c - a +0 buckler (worn)
Jewellery
 f - a +6 ring of dexterity (left hand)
Scrolls
 e - a scroll of amnesia
 g - 3 scrolls of immolation {unknown}
 l - 2 scrolls of vulnerability {unknown}
 m - 2 scrolls of poison {unknown}
 n - a scroll of identify {unknown}
 p - a scroll of butterflies {unknown}
Potions
 d - a potion of might
 h - 2 potions of curing {unknown}
 j - a potion of brilliance {unknown}
 q - a potion of lignification {unknown}


   Skills:
 - Level 6.3 Fighting
 - Level 2.6 Long Blades
 - Level 4.0 Armour
 + Level 3.0 Dodging
 - Level 4.0 Shields


You had 4 spell levels left.
You didn't know any spells.
Your spell library contained the following spells:

 Spells                   Type           Power      Damage    Failure   Level
 Sandblast                Erth           0%         2d4       87%         1
 Ensorcelled Hibernation  Hex/Ice        0%         N/A       95%         2
 Passwall                 Tmut/Erth      0%         N/A       95%         2
 Spider Form              Tmut/Pois      0%         N/A       99%         3
 Stone Arrow              Conj/Erth      0%         3d7       99%         3
 Swiftness                Air            0%         N/A       99%         3
 Anguish                  Hex/Necr       0%         N/A       100%        4
 Summon Forest            Summ/Tloc      0%         N/A       100%        5
 Eringya's Noxious Bog    Tmut/Pois      0%         N/A       100%        6
 Summon Hydra             Summ           0%         N/A       100%        7


Dungeon Overview and Level Annotations

Branches:
Dungeon (4/15)
 Temple: D:4-7

Altars:
Uskayaw
Vehumet
Wu Jian

Annotations:
D:4 1 runed translucent door, miserystealer's ghost, novice OpBr


Innate Abilities, Weirdness & Mutations

You have a pair of horns on your head.
You reflexively headbutt those who attack you in melee.


Message History

You feel very sick.
The orc hits you with a +0 whip of venom.
You are more poisoned.
You barely miss the orc.
The orc is heavily wounded.
You feel very sick. The orc closely misses you.
You hit the orc. You burn the orc.
The orc is almost dead.
You feel very sick. The orc closely misses you.
You closely miss the orc. Your headbutt misses the orc.
The orc is almost dead.
You feel very sick. The orc closely misses you.
You hit the orc but do no damage.
The orc is almost dead.
You feel very sick. The orc barely misses you. You block the orc's attack.
You closely miss the orc.
The orc is almost dead.
You feel sick.
The orc hits you with a +0 whip of venom.
* * * LOW HITPOINT WARNING * * *
You are lethally poisoned!
You closely miss the orc.
The orc is almost dead.
* * * LOW HITPOINT WARNING * * *
You feel very sick. The orc hits you but does no damage.
You are more poisoned.
You hit the orc. You burn the orc.
You kill the orc!
The Council accepts your kill.
* * * LOW HITPOINT WARNING * * *
You feel very sick.
Your Dodging skill increases to level 3!
You hit the orc. You burn the orc.
The orc is heavily wounded.
You die...

....## ##.#
.....## ##.##
#.....###.##
.#..##.#..#
#####.#
###.###.#.##
#=....#
.#.####....# #.#
#...†......# #)#
#...#......# #)#
#...#....#.# #@#
...........# #o#
..........## #.# )
##.....##.######.#
##+
#..#.###........#
.... #..#.#
#######..##.^...
#..#.# #.........
#..#.# #.........
#..#.# #.........


You could see an orc.

Vanquished Creatures
  Jessica (D:3)
  3 orc wizards
  4 adders
  3 adder skeletons (D:2)
  A dart slug (D:2)
  8 orcs
  5 bats
  2 bat skeletons (D:2)
  4 endoplasms
  6 goblins
  4 hobgoblins
  3 jackals (D:4)
  10 kobolds
  3 quokkas
  6 ball pythons
  2 frilled lizards
  4 rats
69 creatures vanquished.

Vanquished Creatures (others)
  2 withered plants
2 creatures vanquished.

Grand Total: 71 creatures vanquished

Notes
Turn   | Place    | Note
-------+----------+-------------------------------------------
     0 | D:1      | GigaChad the Minotaur Fighter began the quest for the Orb.
     0 | D:1      | Reached XP level 1. HP: 19/19 MP: 0/0
   175 | D:1      | Noticed a shining eye
   178 | D:1      | Noticed an eye of devastation
   180 | D:1      | Found a faded altar of an unknown god.
   182 | D:1      | Noticed a floating eye
   182 | D:1      | Noticed a golden eye
   204 | D:1      | Reached XP level 2. HP: 27/27 MP: 1/1
   231 | D:1      | Prayed at the altar of an unknown god.
   231 | D:1      | Became a worshipper of the Wu Jian Council
   231 | D:1      | Reached * piety under Wu Jian
   388 | D:1      | Reached skill level 4 in Fighting
   558 | D:1      | You fall into a shaft and drop 1 floor!
   796 | D:2      | Reached XP level 3. HP: 34/34 MP: 2/2
  1301 | D:2      | Reached skill level 5 in Fighting
  1543 | D:3      | Noticed Jessica
  1552 | D:3      | Reached XP level 4. HP: 21/42 MP: 3/3
  1557 | D:3      | Killed Jessica
  1557 | D:3      | Reached ** piety under Wu Jian
  1918 | D:3      | Reached skill level 6 in Fighting
  2284 | D:3      | Found a radiant altar of Vehumet.
  2439 | D:3      | Reached XP level 5. HP: 51/51 MP: 4/4
  2505 | D:3      | Found a hide-covered altar of Uskayaw.
  2623 | D:4      | Reached skill level 1 in Dodging
  2825 | D:4      | Found a runed translucent door.
  2860 | D:4      | Noticed miserystealer's ghost (novice OpBr)
  2877 | D:4      | HP: 2/51 [poisoned by an orc]
  2878 | D:4      | Succumbed to an orc's poison

Illustrated notes

Levels and vault maps discovered:
D:1:      spicycebolla_green_bress_n_ham_2, layout_basic,
          hellmonk_ecumenical_altar_watching_god, glass_columns_c
D:2:      layout_rooms, serial_undead, serial_undead_c, serial_undead_f,
          serial_undead_b, serial_undead_c, wad_floor_pattern_1,
          minmay_misc_feat_tower, dreamdust_princess_corridor
D:3:      layout_rooms, nicolae_overflow_crystal_walls,
          nicolae_overflow_hidden_temple, uniq_jessica
D:4:      layout_loops_ring, kennysheep_mini, gammafunk_ghost_grave,
          kennysheep_doodads, minmay_fractal_squares_gapless_5

Skill      XL: |  1  2  3  4  5 |
---------------+----------------+-----
Shields        | 4 |  4.0
Fighting       | 4 5 6 |  6.3
Armour         | 4 |  4.0
Dodging        | 3 |  3.0
Long Blades    | |  2.6

Action                   |  1- 3 |  4- 6 || total
-------------------------+-------+-------++-------
Melee: Long sword        |    95 |     7 ||   102
       Headbutt          |    11 |     7 ||    18
       Rapier            |       |    75 ||    75
Invok: Whirlwind         |    10 |     6 ||    16
       Lunge             |     4 |     4 ||     8
  Use: Scroll            |       |     2 ||     2
Armor: Scale mail        |    56 |    46 ||   102
Dodge: Dodged            |    59 |    41 ||   100
Block: Buckler           |    17 |    20 ||    37
